 Dungeon Crawl Stone Soup version 0.25-a0-1137-g7f6bfe439b (webtiles) character file.

Game seed: 8762033584289793509, levelgen mode: deterministic

2317 HoaS the Grappler (level 9, -1/60 HPs)
             Began as a Gargoyle Berserker on May 23, 2020.
             Was a High Priest of Trog.
             Shot with a sling bullet by Joseph (4 damage)
             ... on level 7 of the Dungeon.
             The game lasted 00:18:04 (7548 turns).

HoaS the Grappler (Gargoyle Berserker)              Turns: 7548, Time: 00:18:05

Health: -1/60      AC:  9    Str: 21    XL:     9   Next: 41%
Magic:  9/9        EV: 18    Int:  8    God:    Trog [*****.]
Gold:   324        SH:  0    Dex: 12    Spells: 8/8 levels left

rFire    + + .     SeeInvis .     - Unarmed
rCold    + + .     Gourm    .   (shield currently unavailable)
rNeg     + + +     Faith    .   (armour currently unavailable)
rPois    ∞         Spirit   .   (helmet currently unavailable)
rElec    +         Reflect  .   (cloak currently unavailable)
rCorr    +         Harm     .   (gloves currently unavailable)
MR       ++...                  (boots currently unavailable)
Stlth    +.........             (amulet currently unavailable)
HPRegen  1.20/turn              (ring currently unavailable)
MPRegen  0.11/turn              (ring currently unavailable)

@: wisp-form (expiring), flying, regenerating, quick
A: tiny, negative energy resistance 1, petrification resistance, rot immunity,
AC +6
a: Berserk, Trog's Hand, Brothers in Arms, Renounce Religion


You were on level 7 of the Dungeon.
You worshipped Trog.
Trog was extremely pleased with you.
You were hungry.
You were an insubstantial wisp.
You visited 1 branch of the dungeon, and saw 7 of its levels.
You also visited: Sewer.

You collected 324 gold pieces.

Inventory:

Missiles
 s - 83 poisoned darts (quivered)
 x - 10 boomerangs
Armour
 d - a +1 helmet (melded)
 l - a +0 chain mail (melded)
 u - a +1 pair of gloves (melded)
Jewellery
 t - an amulet of guardian spirit (melded)
 v - a +4 ring of slaying {unknown}
Wands
 p - a wand of enslavement (6)
 q - a wand of paralysis (7)
Scrolls
 a - a scroll of remove curse
 e - 8 scrolls of teleportation
 g - 2 scrolls of magic mapping
 j - a scroll of identify
 r - a scroll of fear
 y - a scroll of blinking
Potions
 c - 5 potions of flight
 f - 3 potions of curing {unknown}
 h - a potion of lignification
 i - 2 potions of mutation {unknown}
 k - 2 potions of stabbing {unknown}
 m - a potion of cancellation {unknown}
 n - 4 potions of might {unknown}
 o - a potion of resistance {unknown}
 w - a potion of heal wounds {unknown}
 z - a potion of haste {unknown}
Comestibles
 b - 16 rations
 A - a chunk of flesh


   Skills:
 + Level 8.4 Fighting
 - Level 2.1 Armour
 - Level 1.5 Dodging
 * Level 10.4 Unarmed Combat


You had 8 spell levels left.
You didn't know any spells.
Your spell library was empty.

Dungeon Overview and Level Annotations

Branches:
Dungeon (7/15)             Temple (0/1) D:5           Sewer (visited)

Altars:
Fedhas
Gozag
Kikubaaqudgha
Makhleb
Qazlal
Ru
Trog
Wu Jian

Shops:
D:4 *[

Annotations:
D:7 Joseph


Innate Abilities, Weirdness & Mutations

You are resistant to torment.
((Your stone body is resilient. (AC +6)))
You are immune to poison.
You resist negative energy. (rN+)
((You are resistant to electric shocks. (rElec)))
((You can survive without breathing.))
You are immune to petrification.
You are immune to rotting.


Message History

Joseph zaps a wand.
The now-empty wand crumbles to dust.
You hit Joseph!
Joseph is almost dead.
Joseph hits you with a +0 quarterstaff!
You touch Joseph but do no damage.
Joseph is almost dead.
You blink.
Joseph unwields a +0 quarterstaff.
Joseph wields a +3 vorpal hunting sling.
Joseph shoots a sling bullet.
The sling bullet hits you!
You hit Joseph!
Joseph is almost dead.
You blink.
Your transformation is almost over.
Joseph shoots a sling bullet.
The sling bullet misses you.
Your skin crawls.
You feel resistant to hostile enchantments.
You are feeling hungry.
You blink.
Joseph shoots a sling bullet.
The sling bullet hits you!!
* * * LOW HITPOINT WARNING * * *
You die...

#....#....# #....# #...'..
#....#....# #....# #...#..
####....#....# #....# #...#..
...#....#....#+##....# #...##.
...#....#....#..#....######...###
...#....#....#..#........#######
...'....#....#..#........#.....#
...#....'....#..#####....#.....#
...#+####....#..v...#....#.<...#
.............#......#....#....###
#'#..........#......#....#'####..
..+..........#......#............
..#..[.P_P...#..##..#............
..#....P.....#.@##§.+............
..#..........+..##..#..........##
..#..........#..###+###+###....#.
..#..........#.....(......#....#.


You could see Joseph.

Vanquished Creatures
  A spriggan (D:7)
  A sky beast (D:7)
  3 black bears
  A phantom (D:4)
  An ice beast (D:7)
  4 ogres
  A centaur (D:5)
  A bullfrog (D:6)
  A scorpion (D:4)
  A howler monkey (D:4)
  3 crimson imps
  A bullfrog zombie (D:6)
  2 hounds (D:7)
  A centaur skeleton (D:4)
  2 orc priests (D:4)
  A jelly (D:6)
  An orc wizard (D:6)
  A bullfrog skeleton (D:6)
  6 iguanas
  4 worker ants
  A merfolk siren (Sewer)
  A merfolk avatar (Sewer)
  3 hound zombies (D:6)
  A worker ant zombie (D:6)
  12 adders
  2 river rats (Sewer)
  3 shadow imps
  An adder skeleton (D:4)
  9 worms
  6 dart slugs
  8 leopard geckos
  18 orcs
  8 ball pythons
  7 giant cockroaches
  6 goblins
  2 hobgoblins
  17 jackals
  5 quokkas
  7 bats
  9 frilled lizards
  A jackal zombie (D:6)
  11 kobolds
  A quokka zombie (D:5)
  26 rats
202 creatures vanquished.

Notes
Turn   | Place    | Note
-------+----------+-------------------------------------------
     0 | D:1      | HoaS the Gargoyle Berserker began the quest for the Orb.
     0 | D:1      | Reached XP level 1. HP: 14/14 MP: 1/1
   263 | D:1      | Reached XP level 2. HP: 12/19 MP: 2/2
  1084 | D:1      | Reached XP level 3. HP: 23/24 MP: 3/3
  1385 | D:2      | Found an ancient bone altar of Kikubaaqudgha.
  1471 | D:2      | Reached ** piety under Trog
  1471 | D:2      | Reached skill level 4 in Unarmed Combat
  1547 | D:2      | Found a blossoming altar of Fedhas.
  1834 | D:2      | Reached XP level 4. HP: 29/29 MP: 4/4
  2324 | D:3      | Found a glowing drain.
  2367 | Sewer    | Entered a sewer
  2661 | Sewer    | Reached XP level 5. HP: 34/34 MP: 5/5
  2730 | Sewer    | Reached *** piety under Trog
  2743 | Sewer    | Reached skill level 5 in Unarmed Combat
  3030 | Sewer    | Noticed a malarious merfolk avatar
  3062 | Sewer    | Killed a malarious merfolk avatar
  3400 | D:3      | Reached XP level 6. HP: 40/40 MP: 6/6
  3617 | D:3      | Reached **** piety under Trog
  3936 | D:4      | Reached skill level 5 in Fighting
  3954 | D:4      | Reached skill level 6 in Unarmed Combat
  4337 | D:3      | Reached XP level 7. HP: 44/44 MP: 7/7
  4454 | D:4      | Reached skill level 7 in Unarmed Combat
  4499 | D:4      | Found Giukk's General Store.
  4660 | D:4      | Found a stormy altar of Qazlal.
  4660 | D:4      | Found a burning altar of Makhleb.
  4666 | D:4      | Found an opulent altar of Gozag.
  4962 | D:4      | Found Veuvvoz's Antique Armour Shoppe.
  5206 | D:4      | Found a sacrificial altar of Ru.
  5230 | D:5      | Entered Level 5 of the Dungeon
  5254 | D:5      | Found a staircase to the Ecumenical Temple.
  5273 | D:5      | Reached XP level 8. HP: 40/52 MP: 8/8
  5614 | D:5      | Reached skill level 8 in Unarmed Combat
  6381 | D:6      | Reached skill level 9 in Unarmed Combat
  6410 | D:6      | Found an ornate altar of the Wu Jian Council.
  6441 | D:6      | Reached ***** piety under Trog
  7011 | D:7      | Reached XP level 9. HP: 35/59 MP: 6/9
  7200 | D:7      | Found a bloodstained altar of Trog.
  7215 | D:7      | Reached skill level 10 in Unarmed Combat
  7502 | D:7      | Noticed Joseph
  7548 | D:7      | HP: 3/60 [Joseph/sling bullet (20)]
  7548 | D:7      | Shot with a sling bullet by Joseph

Illustrated notes

Levels and vault maps discovered:
D:1:      minmay_arrival_stone_box, layout_basic
D:2:      layout_rooms, old_standard_altar, lemuel_crystal_altar,
          grunt_decor_cap
D:3:      layout_basic, cheibrodos_sewer_entry_bend
D:4:      layout_loops_ring, grunt_temple_overflow_open, serial_shops,
          kennysheep_mini_moat, nicolae_shop_competitors_out_of_business,
          first_ration, grunt_ministairs_9, nicolae_ru_path_of_blood
D:5:      layout_loops_ring, minmay_temple_entry_wispy
D:6:      layout_rooms, nicolae_overflow_crystal_walls
D:7:      layout_gridville, trog_ov_bears_minmay, the_bakery,
          nicolae_gozag_seed_capital, uniq_joseph

Skill      XL: |  1  2  3  4  5  6  7  8  9 |
---------------+----------------------------+-----
Unarmed Combat | 4 5 6 7 9 10 | 10.4
Fighting       | 4 5 6 7 8 |  8.4
Armour         | |  2.1
Dodging        | |  1.5

Action                   |  1- 3 |  4- 6 |  7- 9 || total
-------------------------+-------+-------+-------++-------
Melee: Unarmed           |   153 |   312 |   340 ||   805
       Punch             |     3 |     2 |     7 ||    12
Throw: Dart              |       |     5 |       ||     5
Invok: Berserk           |     1 |     2 |     1 ||     4
       Trog's Hand       |       |     1 |     1 ||     2
  Use: Scroll            |       |    15 |     5 ||    20
 Stab: Distracted        |     1 |       |       ||     1
  Eat: Chunk             |     4 |    10 |    12 ||    26
Armor: Animal skin       |    32 |       |       ||    32
       Scale mail        |    29 |   102 |       ||   131
       Chain mail        |       |    36 |   193 ||   229
Dodge: Dodged            |    80 |   151 |   113 ||   344

Table legend:
 A = Non-vault XP
 B = Vault XP
 C = Vault XP percentage of total XP
 D = Non-vault monster count
 E = Vault monster count
 F = Vault count percentage of total count
                 A         B        C        D         E       F
            +---------+---------+-------+---------+---------+-------
      Total |    2631 |     680 |  20.5 |     149 |      53 |  26.2
            +---------+---------+-------+---------+---------+-------
        D:1 |      42 |       0 |   0.0 |      22 |       0 |   0.0
        D:2 |      50 |       0 |   0.0 |      15 |       0 |   0.0
        D:3 |     210 |      60 |  22.2 |      29 |       8 |  21.6
        D:4 |     574 |       0 |   0.0 |      20 |       0 |   0.0
        D:5 |     366 |       0 |   0.0 |      23 |       0 |   0.0
        D:6 |     777 |       0 |   0.0 |      30 |       0 |   0.0
        D:7 |     612 |     470 |  43.4 |      10 |       3 |  23.1
      Sewer |       0 |     150 | 100.0 |       0 |      42 | 100.0
            +---------+---------+-------+---------+---------+-------
